 Dungeon Crawl Stone Soup version 0.28-a0-265-g048bc9fd10 (webtiles) character file.

Game seed: 10294998955114140844

36 Shayle the Ducker (level 3, -5/29 HPs)
             Began as a Djinni Warper on Aug 27, 2021.
             Slain by Terence (9 damage)
             ... on level 2 of the Dungeon.
             The game lasted 00:05:45 (1217 turns).

Shayle the Ducker (Djinni Warper)                   Turns: 1217, Time: 00:05:46

Health: -5/29      AC:  3    Str: 10    XL:     3   Next: 57%
Gold:   83         EV: 12    Int: 15    God:
                   SH:  0    Dex: 12

rFire   + + .      SeeInvis .   d - +0 long sword
rCold   x . .      Faith    .   (no shield)
rNeg    . . .      Spirit   .   a - +0 leather armour
rPois   ∞          Reflect  .   (no helmet)
rElec   .          Harm     .   (no cloak)
rCorr   .          Rampage  .   (no gloves)
Will    .....                   (boots unavailable)
Stlth   +.........              (no amulet)
HPRegen 0.09/turn               (no ring)
MPRegen 0.00/turn               (no ring)

@: flying
A: sickness immunity, fire resistance 2, cold vulnerability 1, float, innate
caster, hp casting, extra vitality 1
a: no special abilities


You were on level 2 of the Dungeon.
You visited 1 branch of the dungeon, and saw 2 of its levels.

You collected 83 gold pieces.

Inventory:

Hand Weapons
 d - a +0 long sword (weapon)
Missiles
 c - 5 boomerangs of dispersal (quivered)
 i - 21 poisoned darts
Armour
 a - a +0 leather armour (worn)
Scrolls
 b - a scroll of blinking
 e - a scroll of immolation {unknown}
 g - 2 scrolls of identify {unknown}
 j - a scroll of vulnerability {unknown}
 k - a scroll of noise {unknown}
 l - a scroll of fear {unknown}
 o - a scroll of fog {unknown}
Potions
 f - a potion of haste {unknown}
 h - 2 potions of curing {unknown}
 m - a potion of lignification {unknown}
 n - a potion of flight {unknown}


   Skills:
 + Level 2.5 Fighting
 - Level 0.7 Throwing
 - Level 1.0 Armour
 + Level 2.7 Dodging
 + Level 2.5 Unarmed Combat
 + Level 2.6 Spellcasting


You couldn't memorise any spells.
You knew the following spells:

 Your Spells              Type           Power      Damage    Failure   Level
a - Blink                 Tloc           N/A        N/A       14%         2
b - Lesser Beckoning      Tloc           5%         N/A       28%         3
c - Gell's Gravitas       Tloc           5%         N/A       28%         3
d - Teleport Other        Tloc           10%        N/A       28%         3
e - Manifold Assault      Tloc           10%        N/A       95%         5
f - Pain                  Necr           40%        1d6       10%         1
Your spell library was empty.

Dungeon Overview and Level Annotations

Branches:
Dungeon (2/15)

Altars:

Annotations:
D:2 Terence


Innate Abilities, Weirdness & Mutations

You are immune to sickness and miasma.
You are immune to poison.
Your flesh is very heat resistant. (rF++)
You are vulnerable to cold. (rC-)
You float through the air rather than walking.
You learn spells naturally, not from books.
Your magical power is your life essence.
You have superior vitality. (+4 HP)


Message History

g - 2 scrolls labelled DOSUUG ZOMUPS (gained 1)
n - a lumpy amethyst potion You now have 73 gold pieces (gained 10).
You now have 83 gold pieces (gained 10).
Found an escape hatch in the floor.
Found a stone staircase leading down.
Terence the Incautious comes into view.
He is wielding a +0 flail and carrying a wand of digging (4).
Terence shouts!
Unknown command.
Terence zaps a wand.
Some rock shatters into small pieces.
You see here a scroll labelled FAMYW FEET.
o - a scroll labelled FAMYW FEET You hit Terence.
Terence is lightly wounded.
Terence barely misses you. Terence misses you.
You barely miss Terence.
Terence is lightly wounded.
Terence barely misses you.
You barely miss Terence.
Terence is lightly wounded.
Terence hits you with a +0 flail.
You hit Terence.
Terence is moderately wounded.
Terence barely misses you. Terence hits you with a +0 flail!
You hit Terence.
Terence is heavily wounded.
Terence misses you.
You slash Terence!
Terence is almost dead.
Terence closely misses you. Terence barely misses you.
You hit Terence but do no damage.
Terence is almost dead.
Terence hits you with a +0 flail!
* * * LOW HITPOINT WARNING * * *
You closely miss Terence.
Terence is almost dead.
Terence barely misses you.
You hit Terence but do no damage.
Terence is almost dead.
Terence hits you with a +0 flail!
You die...

#......# #......# ##
......# ..# .....#
...##....# ..#..#....#
..##....@.# .###....@.#
###......# ###...#.##
##.....# .## ##....#######
.... ##...#.....########
..#..##.###.###.##.....##
..............#.#.#####.##
...#..#.###.#.#..#.....#.#


You could see Terence.

Vanquished Creatures
  A dart slug (D:1)
  4 endoplasms (D:1)
  3 goblins (D:1)
  2 hobgoblins (D:1)
  2 kobolds (D:1)
  2 quokkas
  8 ball pythons
  2 bats (D:1)
  2 frilled lizards
  6 rats (D:1)
32 creatures vanquished.

Notes
Turn   | Place    | Note
-------+----------+-------------------------------------------
     0 | D:1      | Shayle the Djinni Warper began the quest for the Orb.
     0 | D:1      | Reached XP level 1. HP: 18/18 MP: 0/0
    85 | D:1      | Reached XP level 2. HP: 20/23 MP: 0/0
   635 | D:1      | Reached XP level 3. HP: 24/29 MP: 0/0
   635 | D:1      | Learned a level 1 spell: Pain
  1141 | D:2      | Found a faded altar of an unknown god.
  1204 | D:2      | Noticed Terence
  1217 | D:2      | Slain by Terence

Illustrated notes

Levels and vault maps discovered:
D:1:      dpeg_arrival_castle, layout_rooms, minmay_splitting_lines, st_stairs_5
D:2:      layout_basic, shapermc_ecumenical_altar_starsandcircs,
          hangedman_glass_teeth, wad_floor_pattern_untrapped,
          patterned_corridor, uniq_terence, uniq_natasha

Action                   || total
-------------------------++-------
Melee: Long sword        ||    95
       Punch             ||     2
 Stab: Sleeping          ||     1
Armor: Leather armour    ||    36
Dodge: Dodged            ||    63

Table legend: (Time is in decaauts)
 A = Elapsed time spent in this place.
 B = Non-inter-level travel time spent in this place.
 C = Inter-level travel time spent in this place.
 D = Time resting spent in this place.
 E = Time spent auto-exploring this place.
 F = Levels seen in this place.
 G = Mean time per level.
                   A        B        C        D        E       F      G
               +--------+--------+--------+--------+--------+-----+--------+
         Total |   1253 |   1233 |     20 |    189 |    660 |   2 |  626.5 |
       Dungeon |   1253 |   1233 |     20 |    189 |    660 |   2 |  626.5 |
               +--------+--------+--------+--------+--------+-----+--------+

Top non-repeatable levels by time:
     D:1: 1153 daAuts
     D:2: 100 daAuts
